[Event "*** SCC Grand Prix: Titled Tuesday Blitz"]
[Site "Chess.com"]
[Date "2020.06.09"]
[Round "1"]
[White "Roman_Ovetchkin"]
[Black "publicaccountcze"]
[Result "1-0"]
[WhiteElo "2593"]
[BlackElo "2263"]
[TimeControl "180+1"]
[EndTime "9:07:49 PDT"]
[Termination "Roman_Ovetchkin won by resignation"]

1. d4 Nf6 2. c4 e6 3. Nf3 d5 4.
g3 c6 5. Bg2 Bd6 6. Nc3 O-O 7.
O-O Nbd7 8. Nd2 Be7 9. e4 dxe4 10. Ndxe4 Nxe4 11. Nxe4 Nf6 12. Nc3 c5 13. Be3 cxd4 14. Qxd4 Qxd4 15. Bxd4 a6 16. Rfd1 Rb8 17. Be5 Ra8 18. Na4 Nd7 19. Bc7 Ra7 20. Nb6 Nxb6 21. Bxb6 Ra8 22. c5 a5 23. Rd2 a4 24. Rc1 Ra6 25. f4 Bf6 26. Kf2 a3 27. b3 g5 28.
Rcd1 gxf4 29. gxf4 Bc3 30. Rd3 Bf6 31. Rg3+ Kh8 32. Bf1 Bh4 33. Bxa6 bxa6 34. c6 Bxg3+ 35. hxg3 Kg7 36. Ke3 f5 37. Bc5 Rf7 38. Bxa3 Rc7 39. Rc1 Kf7 40. Bd6 Ra7 41. b4 a5 42. b5 a4 43. b6 Ra5 44. b7 Bxb7 45. cxb7 Rb5 46.
b8=Q 1-0

[Event "*** SCC Grand Prix: Titled Tuesday Blitz"]
[Site "Chess.com"]
[Date "2020.06.09"]
[Round "1"]
[White "cholzan"]
[Black "ftorodent"]
[Result "0-1"]
[WhiteElo "2338"]
[BlackElo "2659"]
[TimeControl "180+1"]
[EndTime "9:07:50 PDT"]
[Termination "ftorodent won by resignation"]

1. d4 f5 2. g3 Nf6 3. Bg2 g6 4. b4 d5 5. Bb2 Bg7 6. Nd2 Nc6 7. Ngf3 Nxb4 8. c4 c6 9. O-O O-O 10. Qb3 Na6 11. Ne5 Nc7 12. cxd5 Ncxd5 13. e4 fxe4 14.
Nxe4 Qb6 15. Nxf6+ exf6 16. Bxd5+ cxd5 17. Qxb6 axb6 18. Nd3 Bf5 19. Nf4 Ra5 20. Bc3 Rb5 21. a3 Rb3 22. Bb4 Rd8 23. Rfe1 Be4 24. Ne6 Rc8 25. Nxg7 Kxg7 26.
Rac1 Rc6 27. h3 h5 28. Rxc6 bxc6 29. Rc1 Rd3 30. Kf1 Rxd4 31. Rxc6 b5 32. Ke2 Kf7 33. Bc3 Rc4 34. Rxf6+ Ke7 35. Be5 Bf5 36. f4 d4 37.
Rd6 d3+ 38. Kd1 Rc2 39. Rd4 Rh2 40. h4 Bg4+ 41. Kc1 Rc2+ 42. Kb1 Bf5 43. Bd6+ Ke6 44. Bb4 d2 45. Rd6+ Kf7 0-1

[Event "*** SCC Grand Prix: Titled Tuesday Blitz"]
[Site "Chess.com"]
[Date "2020.06.09"]
[Round "1"]
[White "Rakhmanov_Aleksandr"]
[Black "Fh2411"]
[Result "1-0"]
[WhiteElo "2856"]
[BlackElo "2437"]
[TimeControl "180+1"]
[EndTime "9:07:52 PDT"]
[Termination "Rakhmanov_Aleksandr won by resignation"]

1. Nf3 d5 2. g3 Nf6 3. Bg2 g6 4. O-O Bg7 5. d4 O-O 6. c4 c6 7. Qa4 Nbd7 8. cxd5 Nb6 9. Qb3 Qxd5 10. Qb4 Qd6 11. Qe1 Bf5 12. Nc3 Ne4 13. Bf4 Qb4 14. Qc1 Nd5 15. Nxe4 Bxe4 16. Bd2 Qb6 17. e3 Rac8 18. Ne5 Bxg2 19. Nc4 Qa6 20. Kxg2 c5 21.
e4 cxd4 22. exd5 Rxc4 23. Qd1 Qd6 24. Qf3 Rd8 25. Rfe1 Bf6 26. Rac1 Rxc1 27. Rxc1 Kg7 28. b3 Qxd5 29. Rc7 Qxf3+ 30. Kxf3 Rb8 31. Ke4 a6 32. g4 h6 33. f4 g5 34. f5 b6 35. Be1 Rd8 36.
Kd3 Rd5 37. Bf2 Rc5 38. Rxc5 bxc5 39. Kc4 Be5 40. h3 Bf4 41. b4 Be3 42. Bg3 cxb4 43. Be5+ f6 44. Bxd4 Bd2 45. Bc5 a5 46. Bxe7 Kf7 47.
Bc5 Ke8 48. Kb5 Kf7 49. Bb6 Ke7 50. Bxa5 Kd6 51. Bxb4+ Bxb4 52. Kxb4 1-0

[Event "*** SCC Grand Prix: Titled Tuesday Blitz"]
[Site "Chess.com"]
[Date "2020.06.09"]
[Round "1"]
[White "vinniethepooh"]
[Black "pawnwonder"]
[Result "1-0"]
[WhiteElo "2560"]
[BlackElo "2196"]
[TimeControl "180+1"]
[EndTime "9:07:52 PDT"]
[Termination "vinniethepooh won on time"]

1. d4 Nf6 2. c4 g6 3. Nc3 Bg7 4. e4 d6 5. Be2 O-O 6. Be3 e5 7. d5 Na6 8. g4 Nc5 9. f3 h5 10. g5 Nh7 11. h4 a5 12. Qd2 f6 13. gxf6 Nxf6 14. O-O-O Nfd7 15. Nh3 Na6 16. Rdg1 Qf6 17.
Ng5 Ndc5 18. Rg3 c6 19. Rhg1 Bd7 20. Kb1 Be8 21. Bd1 Rb8 22. Ne2 b5 23. cxb5 Rxb5 24. Nc3 Rb8 25. dxc6 Nc7 26. Nd5 Nxd5 27. Qxd5+ Kh8 28.
Bxc5 dxc5 29. Ne6 Bf7 30. Bb3 Rfe8 31. c7 Rbc8 32. Qb7 Bxe6 33. Rxg6 Qf7 34. Rxe6 Rxe6 35.
Qxc8+ Re8 36. Qb7 Qf8 37. Rg5 Bh6 38. Rxh5 Kh7 39. Rf5 Qg7 40. c8=Q Rxc8 41. Rf7 1-0

[Event "*** SCC Grand Prix: Titled Tuesday Blitz"]
[Site "Chess.com"]
[Date "2020.06.09"]
[Round "1"]
[White "elamier"]
[Black "MartinCerveny"]
[Result "1/2-1/2"]
[WhiteElo "2096"]
[BlackElo "2501"]
[TimeControl "180+1"]
[EndTime "9:07:52 PDT"]
[Termination "Game drawn - insufficient material"]

1. d4 d5 2. Nf3 Nf6 3. e3 c6 4. Ne5 Bf5 5. Nd2 e6 6. g4 Bg6 7.
h4 h5 8. Nxg6 fxg6 9. Bd3 hxg4 10. Bxg6+ Kd7 11. c4 Bd6 12. e4 dxe4 13. Nf1 Kc8 14. Bg5 Nbd7 15. Qd2 Qc7 16. O-O-O b6 17. Kb1 Kb7 18. Ne3 Bf4 19. Qe2 Raf8 20. Nxg4 Bxg5 21. hxg5 Nxg4 22. Rxh8 Rxh8 23. Qxg4 Rf8 24. Qxe4 Qd6 25. d5 exd5 26. cxd5 c5 27. Qe6 Kc7 28. Rd2 Ne5 29. Be4 Nc4 30. Re2 a5 31. Bd3 Qxe6 32. dxe6 Nd6 33. e7 Rf4 34. Bg6 Kd7 35. e8=Q+ Nxe8 36. Bxe8+ Kd6 37. g6 c4 38. Bf7 b5 39. a3 b4 40.
axb4 axb4 41. Rc2 Kc5 42. Rxc4+ Rxc4 43. Bxc4 Kxc4 44. Kc2 b3+ 45. Kd2 Kd4 46. f4 Ke4 47. Kc3 Kxf4 48. Kxb3 Kf5 49. Kc2 Kxg6 50. b4 Kf5 51.
Kd3 Ke5 52. b5 Kd6 53. Ke4 Kc5 54. Kf5 Kxb5 55. Kg6 Kb4 56. Kxg7 1/2-1/2

[Event "*** SCC Grand Prix: Titled Tuesday Blitz"]
[Site "Chess.com"]
[Date "2020.06.09"]
[Round "1"]
[White "Ind1anStar"]
[Black "The_Machine04"]
[Result "1-0"]
[WhiteElo "2609"]
[BlackElo "2285"]
[TimeControl "180+1"]
[EndTime "9:07:53 PDT"]
[Termination "Ind1anStar won by resignation"]

1. c4 e6 2. Nf3 d5 3. e3 Nf6 4.
Nc3 Be7 5. b3 O-O 6. Bb2 c5 7. d4 Nc6 8. dxc5 dxc4 9. Bxc4 Bxc5 10. Qe2 a6 11. O-O Be7 12. Rfd1 Qc7 13. Rac1 Rd8 14. e4 b5 15. Bd3 Bb7 16. e5 Nd5 17. Nxd5 Rxd5 18. Be4 Rxd1+ 19. Qxd1 Rc8 20. h3 h6 21. Qe2 Qb6 22. Bb1 Rd8 23. Qe4 g6 24. Qf4 Bf8 25. h4 Ne7 26. h5 Bxf3 27. Qxf3 Bg7 28.
hxg6 fxg6 29. Rd1 Rf8 30. Qe2 Nf5 31. Rd7 Rf7 32. Qd2 Rxd7 33. Qxd7 Kf8 34. Qc8+ Kf7 35.
Qd7+ Ne7 36. Bd4 Qc6 37. Qxc6 Nxc6 38. Be3 Bxe5 39. Be4 Ne7 40. Bb7 Nf5 41. Bxa6 b4 42. Bc5 Bc3 43. Bd3 Nd4 44. Kf1 Nc6 45. Ke2 Ne5 46. Be4 Kf6 47. f4 h5 48. fxe5+ Kxe5 49. Bxg6 h4 50. Be7 Kf4 51. Bxh4 Kg4 52. Be1 Bxe1 53. Kxe1 Kg3 54. Be4 Kf4 55. Bb7 Ke3 56. Kd1 e5 57. g4 Kf4 58. Bc8 e4 59. Ke2 e3 60. Bf5 Ke5 61. Kxe3 1-0

[Event "*** SCC Grand Prix: Titled Tuesday Blitz"]
[Site "Chess.com"]
[Date "2020.06.09"]
[Round "1"]
[White "Zavgorodniy_Serg"]
[Black "Danesz22"]
[Result "1-0"]
[WhiteElo "2659"]
[BlackElo "2340"]
[TimeControl "180+1"]
[EndTime "9:07:54 PDT"]
[Termination "Zavgorodniy_Serg won by resignation"]

1. e4 e5 2. Nf3 Nc6 3. Bb5 a6 4. Bxc6 dxc6 5. O-O f6 6. d4 exd4 7. e5 Bg4 8. Re1 Be7 9. Nbd2 Qd5 10. exf6 gxf6 11. h3 Bh5 12. Ne4 O-O-O 13. Bf4 c5 14. g4 Bg6 15. Ng3 h5 16. Nh4 Qf7 17. Nxg6 Qxg6 18.
gxh5 Qh7 19. Qg4+ Kb8 20. Re6 Bd6 21. Bxd6 cxd6 22. Rae1 Qxc2 23. Qg7 Nh6 24. Re7 Qxb2 25. Qxf6 Ka8 26. R1e2 Qb1+ 27. Kg2 d3 28. Re1 Qxa2 29. Qf3 d5 30. Qxd3 Rhf8 31. R1e2 Qc4 32. Qh7 Nf5 33. Nxf5 Rxf5 34. Qxf5 Rg8+ 35. Kh2 Qc1 36.
Re8+ Rxe8 37. Rxe8+ Ka7 38. Re5 d4 39. Rxc5 Qb2 40.
Rc4 d3 41. Qc5+ Ka8 42. Re4 Qh8 43. h6 Qb8+ 44. f4 d2 45. Rd4 Qg8 46. Qd6 Qa2 47.
Rxd2 Qa4 48. Qd8+ Ka7 49. Qd4+ Ka8 50. Qxa4 1-0

[Event "*** SCC Grand Prix: Titled Tuesday Blitz"]
[Site "Chess.com"]
[Date "2020.06.09"]
[Round "1"]
[White "AniJak"]
[Black "Haykos"]
[Result "0-1"]
[WhiteElo "2276"]
[BlackElo "2601"]
[TimeControl "180+1"]
[EndTime "9:07:54 PDT"]
[Termination "Haykos won by resignation"]

1. e4 c5 2. Nf3 e6 3. d4 cxd4 4. Nxd4 Nf6 5. Nc3 Nc6 6. Ndb5 Bb4 7. a3 Bxc3+ 8. Nxc3 d5 9. exd5 Nxd5 10. Nxd5 exd5 11. Bd3 Qe7+ 12. Qe2 Qxe2+ 13. Bxe2 Bf5 14. c3 O-O-O 15.
Be3 d4 16. cxd4 Nxd4 17. Bxd4 Rxd4 18. Rc1+ Kb8 19. O-O Rd2 20. Rfe1 Rxb2 21. Bc4 Bg6 22. Bd5 Rd2 23. Bf3 Rhd8 24. h4 Bf5 25. Re7 R2d7 26.
Re5 Be6 27. Rb1 a6 28. Ra5 Ka7 29. Rg5 f6 30. Rc5 Re7 31. Rc3 Rdd7 32. Re3 Bf5 33. Rxe7 Rxe7 34. Rb2 Rc7 35. Kh2 Bd7 36. Be4 h6 37. Kg3 Bc6 38. Bd3 Re7 39. Bf5 Re5 40.
Bd3 b5 41. Rc2 Kb6 42. Be2 a5 43. Rd2 Rd5 44. Rb2 Rc5 45. f3 Rc3 46. Ra2 Bd5 47.
Ra1 Kc5 48. Rb1 b4 49. axb4+ axb4 50. Rd1 b3 51. Rb1 Bc4 52. Bxc4 Kxc4 53. Kf4 Rc2 54.
g4 g5+ 55. hxg5 fxg5+ 56. Kf5 Kc3 57. Kg6 Rh2 58. Re1 b2 59. Re3+ Kc2 0-1

[Event "*** SCC Grand Prix: Titled Tuesday Blitz"]
[Site "Chess.com"]
[Date "2020.06.09"]
[Round "1"]
[White "ecwinslow"]
[Black "MoonlighT89"]
[Result "0-1"]
[WhiteElo "2232"]
[BlackElo "2577"]
[TimeControl "180+1"]
[EndTime "9:07:54 PDT"]
[Termination "MoonlighT89 won by resignation"]

1. e4 c5 2. Nf3 e6 3. d4 cxd4 4.
Nxd4 Nc6 5. Nc3 Qc7 6. Be2 Nf6 7.
Be3 Be7 8. O-O O-O 9. f4 d6 10. a4 Nxd4 11. Bxd4 e5 12. Be3 b6 13. Kh1 Bb7 14. Bf3 Rac8 15. Rf2 Rfd8 16. Qd3 Qc4 17. Rd2 Qxd3 18. Rxd3 Nd7 19. Rad1 exf4 20. Bxf4 Ne5 21. Rd4 Nc4 22. Nb5 Nxb2 23. Rb1 Rxc2 24. Bxd6 Bxd6 25. Rxd6 Rxd6 26. Nxd6 Bc6 27. e5 Bxa4 28.
Bd5 Kf8 29. Rf1 f6 30. exf6 gxf6 31. Be4 Rd2 32. Nf5 Bd7 33. Ng3 Nc4 34. Rxf6+ Ke7 35. Rf1 a5 36. Bxh7 Bc6 37. Be4 Bxe4 38. Nxe4 Re2 39.
Nc3 Rc2 40. Nb5 Kd7 41. h4 Ne3 42. h5 Nxf1 43. h6 Rc5 44. Nd4 Rh5+ 45. Kg1 Rxh6 46. Kxf1 Rh4 47. Nf3 Rf4 48. Ke2 Rxf3 49. gxf3 Ke6 50.
Kd3 Kf5 51. Kc4 Kf4 0-1

[Event "*** SCC Grand Prix: Titled Tuesday Blitz"]
[Site "Chess.com"]
[Date "2020.06.09"]
[Round "1"]
[White "kleopl"]
[Black "EvgenyRomanov"]
[Result "0-1"]
[WhiteElo "2342"]
[BlackElo "2663"]
[TimeControl "180+1"]
[EndTime "9:07:55 PDT"]
[Termination "EvgenyRomanov won by resignation"]

1. c4 e5 2. Nc3 Bb4 3. Nd5 a5 4. Nf3 Nc6 5. a3 Be7 6. e3 d6 7. d4 Bg4 8. Be2 Nf6 9. Nc3 O-O 10. O-O exd4 11. exd4 d5 12. c5 Ne4 13. h3 Bh5 14. Bf4 Bf6 15. Nb5 Rc8 16. Rc1 Re8 17. Re1 g5 18. Be3 h6 19. Nh2 Bg6 20. Bd3 Bg7 21. Qc2 Ne7 22. f3 Ng3 23. Bf2 Nef5 24. Bxg3 Nxg3 25. Bxg6 fxg6 26. Qxg6 Rxe1+ 27. Rxe1 Qf6 28.
Qxf6 Bxf6 29. Ng4 Bg7 30. Ne5 Nf5 31. Rd1 c6 32. Nd6 Nxd6 33. cxd6 Rd8 34. Re1 Rxd6 35. b3 Bf6 36. a4 Re6 37. Kf1 Kg7 38. Kf2 c5 39. Kf1 b6 40. Ng4 Rxe1+ 41. Kxe1 Bxd4 42. Ke2 h5 43. Nh2 Kg6 44. Nf1 h4 45. Nd2 Be5 46. Nf1 Bf4 47. Kd3 Kf5 48. Ke2 Ke5 49. Kd3 Ke6 50. Ne3 Bxe3 51. Kxe3 Ke5 52. Kd3 Kf4 0-1

[Event "*** SCC Grand Prix: Titled Tuesday Blitz"]
[Site "Chess.com"]
[Date "2020.06.09"]
[Round "1"]
[White "gui_borba"]
[Black "vaishali2001"]
[Result "0-1"]
[WhiteElo "2324"]
[BlackElo "2644"]
[TimeControl "180+1"]
[EndTime "9:07:55 PDT"]
[Termination "vaishali2001 won by resignation"]

1. d4 Nf6 2. Bf4 d5 3. e3 c5 4.
c3 Nc6 5. Nd2 cxd4 6. exd4 Bf5 7. Ngf3 e6 8. Ne5 Bd6 9. Bb5 Qc7 10. Nxc6 bxc6 11. Bxd6 Qxd6 12. Be2 O-O 13. O-O c5 14. Nb3 Nd7 15. dxc5 Nxc5 16. Qd4 Rfc8 17. Rfd1 Bc2 18. Nxc5 Bxd1 19. Nb7 Qc7 20. Rxd1 Qxb7 21. c4 Qb6 22. Qg4 Qxb2 23. cxd5 exd5 24. g3 Rc1 25. Rxc1 Qxc1+ 26. Kg2 Re8 27. Bf3 Qc8 28. Qd4 Rd8 29. h4 a6 30.
h5 h6 31. Be2 Qe6 32. Bd3 Qf6 33. Qe3 d4 34. Qe4 Kf8 35. a4 Qd6 36. Qh7 Qe5 37. f4 Qf6 38. Qe4 Re8 39. Qb7 Qd6 40. Qxa6 Qxa6 41.
Bxa6 Re3 42. Bb5 Ra3 43. Kf2 Ke7 44. g4 g5 45. fxg5 hxg5 46. Ke2 Kf8 47. Kd2 Kg7 48. Kc2 f5 49. gxf5 g4 50. Kb2 Rc3 51. a5 g3 52. Bf1 Rc6 53. Kb3 d3 54. a6 Rxa6 0-1

[Event "*** SCC Grand Prix: Titled Tuesday Blitz"]
[Site "Chess.com"]
[Date "2020.06.09"]
[Round "1"]
[White "Fusikk"]
[Black "allvim"]
[Result "1-0"]
[WhiteElo "2566"]
[BlackElo "2216"]
[TimeControl "180+1"]
[EndTime "9:07:55 PDT"]
[Termination "Fusikk won by resignation"]

1. d4 Nf6 2. c4 g6 3. Nc3 d5 4. Bf4 Bg7 5. e3 O-O 6. Rc1 c5 7. dxc5 Qa5 8. cxd5 Qxc5 9. Qb3 b6 10. Be2 Bb7 11.
Bf3 Rd8 12. Nge2 Na6 13. O-O Rac8 14. Nb5 Qb4 15. Rxc8 Rxc8 16. Nxa7 Rd8 17. Nc6 Qxb3 18. axb3 Rd7 19. Rc1 Bf8 20. e4 Nc5 21. Nc3 Nxb3 22. Rd1 Nc5 23. e5 Ne8 24. b4 Na6 25. Ra1 Nec7 26.
d6 exd6 27. exd6 Bxd6 28. Bxd6 Bxc6 29. Bxc7 Rxc7 30. Bxc6 Rxc6 31. b5 Rxc3 32. bxa6 Rc8 33. Rb1 Kf8 34. g3 Ra8 35. Rxb6 Ra7 36. h4 Kg7 37. Kg2 h5 38. Kf3 Rc7 39. Rb7 Rc3+ 40. Ke4 Ra3 41. a7 Ra2 42. Kd5 Ra5+ 43. Kc6 Ra1 44.
Kc7 Kf6 45. Kb8 Kf5 46. a8=Q Rxa8+ 47. Kxa8 f6 48. Rb6 g5 49. hxg5 Kxg5 50. Rb5+ Kg4 51.
Kb7 Kf3 52. Rf5+ Kg4 53. Rf4+ 1-0

[Event "*** SCC Grand Prix: Titled Tuesday Blitz"]
[Site "Chess.com"]
[Date "2020.06.09"]
[Round "1"]
[White "letsgoband"]
[Black "Maghalashvili"]
[Result "0-1"]
[WhiteElo "2406"]
[BlackElo "2763"]
[TimeControl "180+1"]
[EndTime "9:07:56 PDT"]
[Termination "Maghalashvili won by resignation"]

1. e4 c5 2. Nf3 d6 3. d4 cxd4 4. Nxd4 Nf6 5. Nc3 a6 6. Bg5 e6 7. f4 h6 8. Bh4 Qb6 9. a3 Nc6 10. Bf2 Qc7 11. Be2 Be7 12. Qd2 O-O 13. O-O Bd7 14.
Rad1 b5 15. Bf3 Rac8 16. Rfe1 Rfd8 17. Qe3 Nxd4 18. Rxd4 a5 19. Red1 e5 20. R4d2 b4 21.
axb4 axb4 22. Ne2 Be6 23. b3 Ng4 24. Bxg4 Bxg4 25. Ra1 Ra8 26. Rxa8 Rxa8 27. h3 Ra1+ 28. Kh2 Bd7 29. Bg3 Bc6 30. Ng1 exf4 31. Bxf4 Qb7 32. Re2 Bb5 33. Rd2 Bc6 34. Re2 Rd1 35. Nf3 Qb5 36. Rd2 Rxd2 37. Nxd2 d5 38. exd5 Qxd5 39.
Nf3 Bf6 40. Be5 Qe6 41. Qd4 Bxf3 42. Bxf6 gxf6 43. gxf3 Qe5+ 44. Qxe5 fxe5 45. Kg3 Kg7 46. Kf2 Kg6 47. Ke3 Kg5 48. c3 bxc3 49. b4 f5 50. b5 e4 51. fxe4 f4+ 52. Kd3 f3 53. b6 f2 54. Ke2 c2 55. b7 f1=Q+ 56. Kxf1 c1=Q+ 0-1

[Event "*** SCC Grand Prix: Titled Tuesday Blitz"]
[Site "Chess.com"]
[Date "2020.06.09"]
[Round "1"]
[White "CrushingKings"]
[Black "tamarozi99"]
[Result "1-0"]
[WhiteElo "2496"]
[BlackElo "2030"]
[TimeControl "180+1"]
[EndTime "9:07:56 PDT"]
[Termination "CrushingKings won by resignation"]

1. e4 c5 2. d4 cxd4 3. c3 dxc3 4.
Nxc3 Nc6 5. Nf3 e6 6. Bc4 a6 7.
O-O Nge7 8. Bg5 h6 9. Be3 Ng6 10. Bb3 Be7 11. Nd4 d6 12. f4 O-O 13.
Kh1 Nxd4 14. Bxd4 e5 15. Be3 Nxf4 16. Bxf4 exf4 17. Rxf4 Bf6 18. Qh5 Be6 19. Raf1 Bxb3 20. Rxf6 Bc4 21. R1f3 Re8 22. Rxf7 Bxf7 23. Qxf7+ Kh8 24.
Rg3 Qf6 25. Qxf6 gxf6 26. Rd3 Rad8 27. Rd5 Kg7 28. g4 Re5 29. Rd3 b5 30. a3 Rde8 31. Rxd6 R8e6 32. Rd7+ Kg6 33. Kg2 h5 34. h3 hxg4 35.
hxg4 Rg5 36. Kf3 Rge5 37. Rd4 Re7 38. Nd5 R7e6 39. Nf4+ Kg5 40. Nxe6+ Rxe6 41. Rd5+ Kg6 42. Kf4 Kf7 43. Rf5 Kg6 44. Rc5 Kf7 45. Rc7+ Kg6 46.
Rc5 Kf7 47. g5 Kg6 48. gxf6 Kxf6 49. e5+ Kg6 50. Rd5 Kg7 51. Rd7+ Kg6 52. Ke4 Kg5 53. Kd5 Kf5 54. Rf7+ 1-0

[Event "*** SCC Grand Prix: Titled Tuesday Blitz"]
[Site "Chess.com"]
[Date "2020.06.09"]
[Round "1"]
[White "Zurability"]
[Black "manmanlai1"]
[Result "0-1"]
[WhiteElo "2680"]
[BlackElo "2380"]
[TimeControl "180+1"]
[EndTime "9:08:02 PDT"]
[Termination "manmanlai1 won by resignation"]

1. Nf3 d5 2. g3 c6 3. Bg2 Bg4 4. O-O Nd7 5. d3 e5 6. Nbd2 Ngf6 7. h3 Be6 8. Ng5 Bf5 9. e4 dxe4 10. dxe4 Bg6 11. Nc4 Qc7 12. f4 h6 13. f5 Bh5 14.
Nf3 Bxf3 15. Qxf3 Bc5+ 16. Be3 Bxe3+ 17. Nxe3 Qb6 18. Kh1 Qc5 19. Rad1 O-O-O 20. Rd3 Nb6 21. Rfd1 Rxd3 22. Rxd3 Rd8 23. Bf1 Rxd3 24. Bxd3 Qd4 25.
Nd1 Kd8 26. Qe2 Ke7 27. Kg2 Ne8 28. c3 Qc5 29. b4 Qd6 30. a3 c5 31. Ne3 Qc6 32. Kf3 Nd6 33. Bc2 cxb4 34. cxb4 Nbc4 35. Nd5+ Kf8 36. Qd3 Nxa3 37. Bb3 Nab5 38. Kg2 Nd4 39. Ne3 Nxb3 40. Qxb3 Qxe4+ 41. Kf2 Nxf5 42. Nd5 Nd4 43. Qc4 Qc2+ 44. Qxc2 Nxc2 45. Kf3 f5 46. g4 g6 47. gxf5 gxf5 48. Ke2 Kf7 49. Kd3 Nd4 50. Kc4 f4 51. Nc3 f3 52. Ne4 Ke6 53.
Kd3 b6 54. Ke3 a5 55. bxa5 bxa5 56. Nc3 Kd6 57. Ne4+ Kd5 58. Nc3+ Kc4 59. Ne4 a4 0-1

[Event "*** SCC Grand Prix: Titled Tuesday Blitz"]
[Site "Chess.com"]
[Date "2020.06.09"]
[Round "1"]
[White "Dr_crypt"]
[Black "GHANDEEVAM2003"]
[Result "0-1"]
[WhiteElo "2461"]
[BlackElo "2977"]
[TimeControl "180+1"]
[EndTime "9:08:04 PDT"]
[Termination "GHANDEEVAM2003 won by resignation"]

1. d4 d5 2. c4 e6 3. Nc3 c6 4. cxd5 exd5 5. Bf4 Bd6 6. Bg3 Ne7 7. Nf3 O-O 8. e3 Nf5 9. Bd3 Nxg3 10. hxg3 g6 11. Qc2 Qe7 12. O-O-O a5 13. Rh4 f5 14. Rdh1 h5 15. g4 fxg4 16. Bxg6 gxf3 17. gxf3 Rf6 18.
Rxh5 Qg7 19. Bd3 Bf8 20. f4 Qe7 21. Rh8+ Kf7 22. R1h7+ Bg7 23. Rxc8 Qe6 24. Rc7+ Nd7 25. Rxb7 Rh8 26. Be2 Rxh7 27. Qxh7 Rh6 28. Qd3 Rh1+ 29. Kc2 Kf8 30. Qa6 Rh2 31. Qa8+ Ke7 32. Nd1 c5 33. Qxa5 cxd4 34. Qb4+ Kf7 35. Qb5 Ke8 36. Rb8+ Ke7 37. Qb4+ Kf7 38. Rb7 Qc6+ 39. Kb1 dxe3 40. Bb5 Qxb7 41. fxe3 Rh1 42. Kc2 Nf6 43. a3 Qc7+ 44.
Kb3 Rxd1 45. Qd4 Rxd4 0-1

[Event "*** SCC Grand Prix: Titled Tuesday Blitz"]
[Site "Chess.com"]
[Date "2020.06.09"]
[Round "1"]
[White "mishanick"]
[Black "pedro_gines"]
[Result "1-0"]
[WhiteElo "2944"]
[BlackElo "2455"]
[TimeControl "180+1"]
[EndTime "9:08:05 PDT"]
[Termination "mishanick won by checkmate"]

1. d4 d5 2. c4 c6 3. Nf3 Nf6 4.
Nc3 dxc4 5. a4 e6 6. e3 c5 7. Bxc4 Nc6 8. O-O cxd4 9. exd4 Be7 10. Bg5 O-O 11. Re1 Bd7 12. Rc1 Nb4 13. Qe2 Bc6 14.
Rcd1 Rc8 15. Ne5 Bd5 16. Nxd5 Nfxd5 17. Bc1 a6 18. Bb3 Bg5 19. Qf3 Bxc1 20. Rxc1 Qf6 21. Qe4 Qf4 22. Qxf4 Nxf4 23. Rc3 Nfd5 24. Rf3 Rc7 25. g3 Rfc8 26. Kg2 a5 27. h4 f6 28. Nd3 Nxd3 29. Rxd3 Kf7 30. Bxd5 exd5 31. Rb3 Rd8 32. Rb5 Rdd7 33. b3 Rc3 34. Re3 Rxe3 35. fxe3 Ke6 36.
Kf3 g5 37. Rxa5 h5 38. Rb5 Kf5 39. a5 g4+ 40. Ke2 Rc7 41. Kd3 Ke6 42. Rb6+ Kf5 43. Rd6 Rc1 44. Rxd5+ Ke6 45. Rxh5 Rg1 46. Rb5 Rxg3 47.
Rxb7 f5 48. Rb6+ Kd7 49. Rf6 Rf3 50. Ke2 Rh3 51. Rxf5 Rh2+ 52. Kd3 g3 53. Rg5 g2 54. b4 g1=Q 55. Rxg1 Rb2 56. Rg7+ Kd6 57. Rg6+ Kd5 58. e4# 1-0

[Event "*** SCC Grand Prix: Titled Tuesday Blitz"]
[Site "Chess.com"]
[Date "2020.06.09"]
[Round "1"]
[White "ditkin25"]
[Black "Anton_Demchenko"]
[Result "0-1"]
[WhiteElo "2427"]
[BlackElo "2809"]
[TimeControl "180+1"]
[EndTime "9:08:06 PDT"]
[Termination "Anton_Demchenko won by resignation"]

1. e4 e5 2. Nf3 Nc6 3. Nc3 Nf6 4. Be2 Bd6 5. O-O O-O 6. d3 Re8 7. Bg5 h6 8. Bh4 Be7 9. h3 d6 10. Nh2 Nd4 11. Bxf6 Bxf6 12. Bg4 c6 13. Ne2 Ne6 14. c3 g6 15. Kh1 h5 16. Bxe6 Bxe6 17. f4 exf4 18.
Nxf4 Bd7 19. Nf3 Bg7 20. Qe1 d5 21. e5 Bf5 22. d4 Bh6 23. Nh4 Be4 24. e6 Bxf4 25.
exf7+ Kxf7 26. Rxf4+ Kg7 27. Qf2 Rf8 28. Rf1 Rxf4 29.
Qxf4 Qe7 30. Qg3 Rf8 31. Rxf8 Qxf8 32. Qc7+ Kh6 33. Kh2 g5 34. Nf3 Bxf3 35. gxf3 Qxf3 36. Qd6+ Kg7 37. Qe7+ Kg6 38. Qe6+ Qf6 39. Qe8+ Qf7 40. Qc8 a6 41. Kg2 Qe7 42. Qg8+ Kf5 43. Kf2 Qf6 44. Kg2 h4 45. Qh7+ Kf4 46. Qxb7 Ke3 47. Qxa6 Qf2+ 48. Kh1 Qf3+ 49. Kh2 Qg3+ 50. Kh1 Qxh3+ 51. Kg1 Qg3+ 52.
Kh1 Kf2 0-1

[Event "*** SCC Grand Prix: Titled Tuesday Blitz"]
[Site "Chess.com"]
[Date "2020.06.09"]
[Round "1"]
[White "Biranidun"]
[Black "Logman74"]
[Result "1-0"]
[WhiteElo "2708"]
[BlackElo "2371"]
[TimeControl "180+1"]
[EndTime "9:08:06 PDT"]
[Termination "Biranidun won on time"]

1. e4 c5 2. Nf3 d6 3. d4 cxd4 4.
Nxd4 Nf6 5. Nc3 a6 6. f3 e5 7. Nb3 Be6 8. Be3 Nbd7 9. Qd2 Nb6 10. g4 d5 11. exd5 Nbxd5 12. Nxd5 Nxd5 13. O-O-O Be7 14. Qe1 Qc7 15. Bd2 O-O 16. Bd3 Rfc8 17. Kb1 a5 18. a3 a4 19. Nc1 b5 20. Na2 Nf4 21. Bxf4 exf4 22. Qe4 g6 23. h4 b4 24. axb4 a3 25.
b3 Rab8 26. h5 Rxb4 27. Qe1 Bxb3 28. Nxb4 a2+ 29. Kb2 Be6 30. c3 Rb8 31. Rc1 Bf6 32. Qe4 Qc5 33. Kc2 Qxc3+ 34. Kd1 Qxb4 35. Qxb4 Rxb4 36. hxg6 a1=Q 37. gxh7+ Kh8 38. Rxa1 Bxa1 39. Kc2 Bf6 40. Rh5 Rb2+ 41. Kc1 Rf2 42. Be4 Rf1+ 43.
Kc2 Rf2+ 44. Kd3 Rg2 45. Ra5 Ra2 46. Rb5 Ra8 47. Bxa8 Kg7 48. Be4 Bd7 49. Rb8 Kh6 50.
h8=Q+ 1-0

[Event "*** SCC Grand Prix: Titled Tuesday Blitz"]
[Site "Chess.com"]
[Date "2020.06.09"]
[Round "1"]
[White "WinstonSilvakov"]
[Black "Chessmatus"]
[Result "1-0"]
[WhiteElo "2093"]
[BlackElo "2491"]
[TimeControl "180+1"]
[EndTime "9:08:07 PDT"]
[Termination "WinstonSilvakov won by checkmate"]

1. d4 Nf6 2. e3 g6 3. Bd3 d5 4. Nd2 Bg7 5. f4 O-O 6. Ngf3 c5 7. c3 Nc6 8. O-O Rb8 9. Ne5 Qc7 10. Qf3 b5 11. h3 b4 12. g4 bxc3 13. bxc3 Bb7 14.
Ba3 Nxe5 15. fxe5 Nd7 16. Rac1 Qa5 17. Nb1 Ba8 18. h4 Rxb1 19. Bxb1 Qxa3 20. h5 Qa6 21.
hxg6 fxg6 22. Qh3 Qe6 23. Rxf8+ Nxf8 24. Rf1 Bc6 25. Qf3 Bd7 26. g5 Bc8 27. e4 dxe4 28. Bxe4 Kh8 29. Bd5 Qg4+ 30. Qxg4 Bxg4 31. Rf7 cxd4 32.
cxd4 Be6 33. Bxe6 Nxe6 34. Rxe7 Nxd4 35. Rxa7 Bxe5 36. Ra8+ Kg7 37. Kg2 Ne6 38. a4 Nxg5 39. a5 Ne6 40. a6 Nc7 41. Ra7 Kf6 42. Rxc7 Bxc7 43. a7 Be5 44. a8=Q Kf5 45. Qc6 h5 46. Qd7+ Kg5 47. Qf7 Bf6 48. Kh3 Kf5 49. Qd7+ Kg5 50.
Qd5+ Kh6 51. Qe6 Kg5 52. Qe3+ Kf5 53. Qf3+ Kg5 54. Qe4 Bg7 55. Kg3 Bf6 56. Qf4# 1-0

[Event "*** SCC Grand Prix: Titled Tuesday Blitz"]
[Site "Chess.com"]
[Date "2020.06.09"]
[Round "1"]
[White "chessmaugli"]
[Black "DrKozerov"]
[Result "1-0"]
[WhiteElo "2401"]
[BlackElo "2591"]
[TimeControl "180+1"]
[EndTime "9:08:08 PDT"]
[Termination "chessmaugli won by resignation"]

1. e4 c5 2. Nf3 Nc6 3. Bb5 g6 4. Bxc6 dxc6 5. d3 Bg7 6. h3 Qc7 7. O-O e5 8. Be3 b6 9. a4 a5 10.
Nbd2 Be6 11. Nc4 Bxc4 12. dxc4 Ne7 13. Qc1 O-O 14. Bh6 f5 15. Bxg7 Kxg7 16. Ng5 Qc8 17. Qd2 Rf6 18. Rad1 h6 19. Qd7 Qxd7 20. Rxd7 hxg5 21.
Rxe7+ Rf7 22. Re6 Rf6 23. Rxe5 Rd8 24. f3 Rfd6 25. exf5 Kf6 26. Re2 gxf5 27. Rfe1 R8d7 28. b3 Kg6 29. Kf2 Kf7 30. Re5 Kf6 31. R1e2 Rf7 32. g3 Rh7 33. Kg2 Rc7 34. g4 fxg4 35. fxg4 Rd4 36.
Rf5+ Kg6 37. Re6+ Kg7 38. Rxg5+ Kf7 39. Rh6 Re7 40. Rh7+ Ke8 41. Rxe7+ Kxe7 42. Re5+ Kf6 43. Re2 Rd1 44. Kg3 Rg1+ 45. Kf3 Rh1 46. Kg2 Rc1 47.
h4 Kf7 48. Kf3 Kf6 49. Rf2 Kg6 50. Kg3 Rg1+ 51. Rg2 Rc1 52. Kf4 Rf1+ 53. Ke5 Rf6 54. g5 Rf8 55. Kd6 Re8 56. Kxc6 Re6+ 57. Kd7 Re4 58.
Kd6 Rxh4 59. Kc6 Rd4 60. Kxb6 Rd2 61. Rxd2 1-0